 Dungeon Crawl Stone Soup version 0.19.1 (webtiles) character file.

5477 Idleism the Fighter (level 10, -1/102 HPs)
             Began as a Deep Dwarf Fighter on Dec 4, 2016.
             Was a Priest of Trog.
             Slain by an eight-headed hydra (2 damage)
             ... on level 9 of the Dungeon on Dec 5, 2016.
             The game lasted 00:40:20 (8328 turns).

Idleism the Fighter (Deep Dwarf Fighter)            Turns: 8328, Time: 00:40:21

Health: -1/102     AC: 17    Str: 29      XL:     10   Next: 42%
Magic:  9/9        EV:  7    Int:  8      God:    Trog [***...]
Gold:   592        SH: 11    Dex: 20 (22) Spells: 0 memorised, 9 levels left

rFire  . . .     SeeInvis .     a - +0 war axe
rCold  . . .     Gourm    .     L - +5 scale mail of Juuxios {rElec MR+}
rNeg   . . .     Faith    .     I - +0 shield
rPois  .         Spirit   .     (no helmet)
rElec  +         Reflect  .     U - +0 cloak
rCorr  .         Harm     .     i - +1 pair of gloves
MR     ++...                    (no boots)
Stlth  ..........               (no amulet)
                                r - +6 ring of dexterity
                                y - +4 ring of dexterity

@: mighty, exhausted, about to teleport, non-regenerating, slowed, very slow
A: damage resistance, recharge devices, sense surroundings 2, slow regeneration
3
a: Device Recharging, Berserk, Trog's Hand, Burn Spellbooks, Renounce Religion


You were on level 9 of the Dungeon.
You worshipped Trog.
Trog was most pleased with you.
You were near starving.

You visited 2 branches of the dungeon, and saw 10 of its levels.

You collected 592 gold pieces.

Inventory:

Hand Weapons
 a - a +0 war axe (weapon)
 J - the +4 Vampire's Tooth {vamp}
   (You found it on level 5 of the Dungeon)

   It inflicts no extra harm, but heals its wielder when it wounds a living foe.
 V - a +2 demon trident of draining
Missiles
 k - 17 tomahawks (quivered)
Armour
 i - a +1 pair of gloves (worn)
 I - a +0 shield (worn)
 L - the +5 scale mail of Juuxios (worn) {rElec MR+}
   (You found it on level 7 of the Dungeon)

   It insulates you from electricity.
   It affects your resistance to hostile enchantments.
 S - a cursed +0 scale mail
 U - a +0 cloak (worn)
 X - a +0 plate armour
Magical Staves
 G - an uncursed staff of power {unknown}
Jewellery
 b - a +4 ring of dexterity
 m - a +4 ring of intelligence
 r - a +6 ring of dexterity (right hand)
 x - an uncursed amulet of harm
 y - a +4 ring of dexterity (left hand)
 A - a +4 ring of intelligence
 B - an uncursed ring of positive energy
 C - an uncursed ring of magical power
 M - a +3 ring of dexterity
Wands
 c - a wand of confusion (16/48)
 e - a wand of heal wounds (2/9)
 u - a wand of polymorph (5/24)
 P - a wand of slowing (24/48)
Scrolls
 h - 8 scrolls of identify
 t - a scroll of amnesia
 D - 2 scrolls of remove curse
 O - a scroll of fog {unknown}
 T - a scroll of teleportation
Potions
 d - a potion of might
 g - a potion of degeneration {unknown}
 j - a potion of invisibility {unknown}
 l - a potion of cure mutation {unknown}
 n - a potion of agility {unknown}
 o - a potion of heal wounds
 q - 2 potions of haste {unknown}
 s - 2 potions of flight {unknown}
 v - 3 potions of lignification {unknown}
 w - 2 potions of curing
 z - 2 potions of mutation {unknown}
 F - a potion of berserk rage
 Q - a potion of ambrosia {unknown}
Comestibles
 f - 3 bread rations
 p - 3 meat rations
 E - 2 fruits
 N - a royal jelly
 R - a beef jerky


   Skills:
 - Level 10.0 Fighting
 - Level 4.3 Short Blades
 + Level 8.5 Axes
 - Level 8.7 Armour
 - Level 3.4 Shields


You had 9 spell levels left.
You didn't know any spells.

Dungeon Overview and Level Annotations

Branches:
Dungeon (9/15)             Temple (1/1) D:7
   Lair: D:8-11         Orc: D:9-12

Altars:
Ashenzari
Cheibriados
Dithmenos
Elyvilon
Fedhas
Gozag
Hepliaklqana
Kikubaaqudgha
Makhleb
Nemelex Xobeh
Okawaru
Qazlal
Ru
Sif Muna
Trog
Uskayaw
Vehumet
Xom
Yredelemnul
Zin
The Shining One

Shops:
D:6 =

Annotations:
D:6 Philosophy's ghost, novice MfGl


Innate Abilities, Weirdness & Mutations

You are resistant to damage.
You can recharge devices by infusing magical energy.
You passively map the area around you.
You do not regenerate.


Message History

You block the eight-headed hydra's attack. x2
The eight-headed hydra bites you but does no damage. x3
As you read the scroll of teleportation, it crumbles to dust.
You feel strangely unstable.
The eight-headed hydra bites you but does no damage.
You block the eight-headed hydra's attack.
The eight-headed hydra bites you but does no damage.
The eight-headed hydra bites you.
* * * LOW HITPOINT WARNING * * *
You block the eight-headed hydra's attack. x2
The eight-headed hydra barely misses you.
The eight-headed hydra bites you but does no damage.
Cornered, the yak turns to fight!
Cornered, the big kobold turns to fight!
You block the eight-headed hydra's attack.
The eight-headed hydra bites you but does no damage.
You block the eight-headed hydra's attack.
The eight-headed hydra barely misses you.
The eight-headed hydra bites you.
You die...

#.# ###............# #.#
#...#.########## #.#
#.###.# #.# #.# #.# #.#
#.# #.# #.# #.# #.# #####
#.# #.# #.# #YY.. #.# #.#
#.####### #.### #.#
#.###....@D.##########o##.
#.#
#.............K.YYY....##.
#.#
###########.#############.
#.############ #.# #.
#............#
#.#############.
############.#
#.............## #.#
############..#. #.# #.##
#.##############.#


You could see an eight-headed hydra, a yak and a big kobold.

Vanquished Creatures
  The ghost of Philosophy the Spear-Bearer, a journeyman MfGl of Okawaru (D:9)
  Joseph (D:8)
  2 trolls
  Grinder (D:6)
  Sigmund (D:6)
  A water moccasin (D:6)
  2 orc warriors
  An ice beast (D:7)
  The ghost of Idleism the Skirmisher, an amateur MiFi (D:3)
  A necrophage (D:6)
  3 sky beasts
  5 ogres
  2 centaurs (D:7)
  4 big kobolds
  A bullfrog (D:6)
  Blork the orc (D:6)
  A wyvern zombie (D:6)
  2 vampire bats (D:5)
  A howler monkey (D:8)
  A centaur zombie (D:5)
  6 crimson imps
  2 quasits
  A bullfrog zombie (D:7)
  2 centaur skeletons
  4 orc priests
  11 hounds
  An iguana (D:4)
  12 orc wizards
  3 worker ants
  A killer bee zombie (D:5)
  3 hound skeletons
  A hound zombie (D:7)
  Robin (D:2)
  9 adders
  4 gnolls (D:2)
  2 oozes
  2 adder skeletons
  6 worms
  2 dart slugs
  2 leopard geckos
  31 orcs
  5 bat zombies (D:8)
  9 giant cockroaches
  24 goblins
  9 hobgoblins
  9 jackals
  3 quokkas
  4 ball pythons
  22 bats
  6 frilled lizards
  A jackal skeleton (D:7)
  24 kobolds
  2 quokka skeletons (D:4)
  6 rats
263 creatures vanquished.

Vanquished Creatures (others)
  An orc wizard (D:7)
1 creature vanquished.

Grand Total: 264 creatures vanquished

Notes
Turn   | Place    | Note
-------+----------+-------------------------------------------
     0 | D:1      | Idleism the Deep Dwarf Fighter began the quest for the Orb.
     0 | D:1      | Reached XP level 1. HP: 20/20 MP: 1/1
   262 | D:1      | Reached XP level 2. HP: 27/27 MP: 2/2
   838 | D:2      | Reached XP level 3. HP: 29/33 MP: 3/3
  1066 | D:2      | Reached XP level 4. HP: 10/40 MP: 4/4
  1466 | D:2      | Noticed Robin
  1476 | D:2      | Killed Robin
  1504 | D:2      | Reached skill level 5 in Axes
  1761 | D:2      | Reached XP level 5. HP: 16/48 MP: 5/5
  2095 | D:3      | Found a shadowy altar of Dithmenos.
  2219 | D:3      | Noticed a hand axe
  2219 | D:3      | Found a hide-covered altar of Uskayaw.
  2220 | D:3      | Noticed a hand axe
  2285 | D:3      | Noticed Idleism's ghost (amateur MiFi)
  2303 | D:3      | Killed Idleism's ghost
  2303 | D:3      | Reached XP level 6. HP: 6/55 MP: 6/6
  3798 | D:5      | Entered Level 5 of the Dungeon
  3897 | D:5      | Reached XP level 7. HP: 45/61 MP: 7/7
  4042 | D:5      | Reached skill level 5 in Armour
  4415 | D:6      | Noticed Sigmund
  4427 | D:6      | Killed Sigmund
  4515 | D:6      | Found Pompaj's Jewellery Boutique.
  4555 | D:6      | Noticed Philosophy's ghost (novice MfGl)
  4804 | D:7      | Reached XP level 8. HP: 51/68 MP: 8/8
  4833 | D:7      | Reached skill level 3 in Fighting
  4841 | D:7      | Found a staircase to the Ecumenical Temple.
  4853 | Temple   | Entered the Ecumenical Temple
  5017 | Temple   | Became a worshipper of Trog the Wrathful
  5188 | D:7      | Got a heavily runed scale mail
  5199 | D:7      | Identified the +5 scale mail of Juuxios {rElec MR+} (You found it on level 7 of the Dungeon)
  5232 | D:7      | Reached skill level 4 in Fighting
  5336 | D:7      | Reached skill level 5 in Fighting
  5571 | D:8      | Reached * piety under Trog
  5640 | D:6      | Reached skill level 6 in Fighting
  5646 | D:6      | Noticed Grinder
  5670 | D:6      | Killed Grinder
  5735 | D:6      | Found a burning altar of Makhleb.
  5750 | D:6      | Reached skill level 7 in Fighting
  5750 | D:6      | Gained mutation: You passively map the area around you. [Deep Dwarf growth]
  5750 | D:6      | Reached XP level 9. HP: 83/85 MP: 9/9
  5853 | D:6      | Noticed Blork the orc
  5885 | D:6      | Killed Blork the orc
  6170 | D:6      | Reached skill level 8 in Fighting
  6484 | D:8      | Reached ** piety under Trog
  6794 | D:8      | Reached skill level 9 in Fighting
  6953 | D:8      | Noticed Joseph
  7006 | D:8      | Killed Joseph
  7058 | D:8      | Reached skill level 10 in Fighting
  7274 | D:8      | Found an ancient bone altar of Kikubaaqudgha.
  7437 | D:9      | Noticed Philosophy's ghost (journeyman MfGl)
  7467 | D:9      | Noticed a troll
  7543 | D:8      | Reached XP level 10. HP: 100/102 MP: 9/9
  7724 | D:9      | Reached *** piety under Trog
  7852 | D:9      | Killed Philosophy's ghost
  8036 | D:9      | Received a gift from Trog
  8288 | D:9      | Noticed a two-headed hydra
  8325 | D:9      | HP: 5/102 [eight-headed hydra (3)]
  8325 | D:9      | HP: 2/102 [eight-headed hydra (3)]
  8328 | D:9      | Slain by an eight-headed hydra

Skill      XL: |  1  2  3  4  5  6  7  8  9 10 |
---------------+-------------------------------+-----
Axes           | 3 4 5 6 8 |  8.5
Armour         | 5 6 8 |  8.7
Short Blades   | 3 4 |  4.3
Fighting       | 7 10 | 10.0
Shields        | |  3.4

Action                   |  1- 3 |  4- 6 |  7- 9 | 10-12 || total
-------------------------+-------+-------+-------+-------++-------
Melee: War axe           |   143 |   212 |    53 |    27 ||   435
       Dagger            |       |       |   740 |   211 ||   951
Invok: Berserk           |       |       |     2 |     3 ||     5
       Burn Spellbooks   |       |       |     1 |       ||     1
       Trog's Hand       |       |       |       |     1 ||     1
 Abil: Device Recharging |       |       |     1 |       ||     1
Evoke: Wand              |       |     5 |       |       ||     5
  Use: Scroll            |       |     5 |     4 |     2 ||    11
       Potion            |       |     1 |     4 |     1 ||     6
 Stab: Sleeping          |       |     2 |       |       ||     2
  Eat: Chunk             |     1 |     8 |    11 |     4 ||    24
       Pizza             |       |       |     2 |       ||     2
       Meat ration       |       |       |     1 |       ||     1
       Fruit             |       |       |     2 |       ||     2
Armor: Scale mail        |    84 |    73 |   235 |   127 ||   519
       Ring mail         |       |    16 |    72 |       ||    88
Dodge: Dodged            |    51 |    76 |   185 |    79 ||   391
Block: Shield            |    76 |   120 |   342 |   140 ||   678
